 Dungeon Crawl Stone Soup version 0.14.0-12-g87ee3b7 (console) character file.

93534 xw the Severer (level 16, -3/106 HPs)
             Began as a Gargoyle Berserker on Apr 16, 2014.
             Was a High Priest of Trog.
             Slain by a trapdoor spider (6 damage)
             ... on Level 2 of the Spider Nest.
             The game lasted 00:17:28 (32602 turns).

xw the Severer (Gargoyle Berserker)                Turns: 32602, Time: 00:17:29

HP  -3/106       AC 38     Str 23      XL: 16   Next:  5%
MP   0/5         EV  7     Int  8      God: Trog [*****.]
Gold 1482        SH  0     Dex 14      Spells:  0 memorised, 15 levels left

rFire  + . .     SeeInvis .     Y - +8,+6 executioner's axe (antimagic) {god gift}
rCold  . . .     Clarity  .     d - +0 plate armour
rNeg   + . .     Conserve .     (no shield)
rPois  +         rCorr    .     K - +1 helmet
rElec  +         rRot     +     p - +0 cloak
SustAb . .       Spirit   +     n - +1 pair of gloves
rMut   .         Warding  .     E - +1 pair of boots
Saprov . . .     Stasis   .     r - amulet of guardian spirit
MR     ++...                    v - +1 ring of protection
                                i - ring of protection from fire

@: regenerating, exhausted, flying, slowed, very slow, very resistant to hostile
enchantments, extremely unstealthy
A: able to fly continuously, large and strong wings, life protection 1,
electricity resistance, unbreathing, petrification resistance, AC +11
a: Stop Flying, Burn Spellbooks, Berserk, Trog's Hand, Brothers in Arms,
Renounce Religion


You were on level 2 of the Spider Nest.
You worshipped Trog.
Trog was extremely pleased with you.
You were not hungry.

You visited 3 branches of the dungeon, and saw 25 of its levels.

You collected 1482 gold pieces.

Inventory:

Hand weapons
 l - a +1,+1 hand axe {mapnotes,swamp,spidernest,,lair,d15}
 Y - a +8,+6 anti-magic executioner's axe (weapon) {god gift}
Armour
 d - a +0 plate armour (worn)
 n - a +1 pair of gloves (worn)
 p - a +0 cloak (worn)
 E - a +1 pair of boots (worn)
 K - a +1 helmet (worn)
Magical devices
 c - a wand of teleportation (4)
 h - a wand of invisibility (2)
 y - a wand of polymorph (2)
 C - a wand of flame (10)
 D - a wand of frost (6)
 J - a wand of draining (4)
 L - a wand of polymorph (7)
Comestibles
 j - 6 bread rations
 o - a rambutan
 q - 4 apples
 t - 5 pears
 u - 6 meat rations
 w - 7 strawberries
 B - 4 apricots
Scrolls
 e - 10 scrolls of identify
 g - 15 scrolls of remove curse
 G - a scroll of holy word
 H - a scroll of enchant armour
 I - 2 scrolls of fog
 R - 2 scrolls of summoning
Jewellery
 a - a +1 ring of strength
 i - a ring of protection from fire (left hand)
 r - an amulet of guardian spirit (around neck)
 s - an uncursed amulet of clarity
 v - a +1 ring of protection (right hand)
 x - an uncursed ring of fire
 F - a cursed +0,+7 ring of slaying
Potions
 b - 2 potions of restore abilities
 k - 5 potions of might
 m - 4 potions of curing
 z - 4 potions of haste
 M - 2 potions of agility


   Skills:
 + Level 14.1 Fighting
 * Level 18.4 Axes
 + Level 14.4 Armour
 - Level 1.5 Dodging


You had 15 spell levels left.
You didn't know any spells.

Dungeon Overview and Level Annotations

Branches:
Dungeon (15/15)            Temple (0/1) D:4             Orc (0/4) D:12
   Lair (8/8) D:8           Swamp (0/5) Lair:3       Spider (2/5) Lair:6
  Slime (0/6) Lair:8       Vaults (0/5) D:13         Depths (0/5) D:15

Altars:
Okawaru
Trog
Xom
Jiyva

Shops:
D:7 :   D:11 }   D:13 (

Portals:
Trove: D:10 (give 15 scrolls of identify)


Innate Abilities, Weirdness & Mutations

You are resistant to torment.
You are immune to poison.
You are immune to rotting.
You can fly continuously.
Your stone body is very resilient (AC +11).
Your wings are large and strong.
You resist negative energy.
You are resistant to electric shocks.
You can survive without breathing.
You are immune to petrification.


Message History

32589 ||| Enchanting +0 helmet
32590 ||| turn The orb spider begins to weave its threads into a brightly glowing ball.
32591 ||| turn
32591 ||| ZAPPING TELEPORT The orb spider weaves a glowing orb of energy.
32592 ||| turn The orb spider spins a strand of pure energy.
32593 ||| turn
32594 ||| turn
32595 ||| turn
32596 ||| turn
32597 ||| turn
32598 ||| turn
32598 ||| TROG'S HAND
32599 ||| turn
32600 ||| turn
32601 ||| turn
32602 ||| turn You die...

. #........s##... ..
####.......#.... .###. #.
#...........#
......#....~....%#......
##.........###....#..#...
.~........ ^##.####.#)..
##......# ...####.#.#...
.~......^##.$...###..#....
#.......9s....# #........
#.....%.T.<....##......^.
...#......#..$######....#
. #......# ###...#.^..##
#..#...###(........###
#.##....#........<.... ##
###..#............#
#####..#####....
#.....#.......


You could see a trapdoor spider and a friendly deep troll (berserk).

Vanquished Creatures
  Kirke (D:15)
  Donald (D:13)
  Fannar (Lair:8)
  Harold (Lair:8)
  3 hydras
  Erica (D:12)
  17 death yaks
  2 centaur warriors (D:14)
  4 catoblepae (Lair:8)
  2 orb spiders (Spider:2)
  The ghost of demiurge the Covert, an experienced VSCj of Vehumet (D:10)
  Erolcha (D:11)
  5 hill giants
  An unseen horror (D:15)
  2 orc knights (D:15)
  5 wolf spiders (Spider:1)
  A necromancer (D:15)
  2 wizards (D:15)
  3 orc sorcerers (D:15)
  2 griffons
  2 manticores (D:13)
  A red wasp (Spider:2)
  2 cyclopes (D:15)
  11 spiny frogs
  6 elephants (Lair:7)
  4 black mambas
  A feature mimic (Lair:6)
  An efreet (D:14)
  Psyche (D:9)
  2 gargoyles
  3 demonic crawlers
  3 yaktaurs (D:15)
  9 komodo dragons
  A tengu conjurer (D:13)
  A giant firefly (Lair:2)
  Grinder (D:6)
  2 trolls
  6 jumping spiders
  4 blink frogs (Lair:5)
  A two-headed ogre (D:15)
  A fire dragon zombie (D:15)
  5 ravens
  2 basilisks
  2 deep elf magi
  2 spriggans
  A grizzly bear (Lair:2)
  4 redbacks (Spider:1)
  A yak (shapeshifter) (D:14)
  2 wraiths
  A trapdoor spider (shapeshifter) (D:14)
  6 trapdoor spiders
  2 hungry ghosts
  A hill giant zombie (D:8)
  6 humans (D:13)
  6 tarantellas
  A shark (D:15)
  78 yaks
  2 elephant slugs
  17 ugly things
  4 hogs (D:15)
  Grum (D:12)
  A deep elf fighter (D:14)
  2 wargs (D:8)
  9 hippogriffs
  A golden eye (shapeshifter) (D:15)
  A hill giant skeleton (D:8)
  12 water moccasins
  6 wolves
  3 mottled dragons
  19 porcupines
  13 spiders
  6 sky beasts
  3 giant goldfish
  3 ogres
  5 orc warriors
  2 yellow wasps
  2 ice beasts
  3 black bears
  2 phantoms
  A manticore skeleton (D:14)
  A boring beetle (Lair:5)
  A big kobold (D:8)
  Sigmund (D:3)
  Duvessa (D:7)
  7 crocodiles
  A brain worm (D:14)
  13 centaurs
  An elf simulacrum (D:15)
  9 giant slugs
  Blork the orc (D:7)
  A cyclops zombie (D:15)
  23 giant frogs
  3 scorpions
  A wyvern skeleton (D:9)
  A cyclops skeleton (D:15)
  A troll zombie (D:11)
  7 killer bees
  An electric eel (Lair:8)
  4 wights (D:10)
  A vampire bat (Lair:3)
  3 crimson imps
  4 goliath beetles
  A giant frog zombie (D:7)
  Dowan (D:7)
  11 hounds
  7 orc priests
  9 jellies
  9 orc wizards
  Crazy Yiuf (D:2)
  10 big fish
  2 giant frog skeletons
  4 iguanas
  9 worker ants
  7 sheep
  A mottled dragon zombie (D:9)
  A basilisk simulacrum (D:15)
  A hound skeleton (D:10)
  6 gnolls (D:6)
  21 green rats
  An orc zombie (D:11)
  30 adders
  A shadow imp (D:5)
  2 inept feature mimics (D:7)
  6 worms
  A worm (shapeshifter) (D:15)
  An adder zombie (D:7)
  5 giant eyeballs
  2 oozes (D:1)
  42 orcs
  A bat zombie (D:5)
  5 giant cockroaches
  11 hobgoblins
  12 jackals
  22 kobolds
  12 quokkas
  18 bats
  6 giant geckos
  6 giant newts
  A giant newt skeleton (D:4)
  A giant spore (D:7)
  4 goblins
  A jackal skeleton (D:9)
  23 rats
  A rat zombie (D:6)
  5 ballistomycetes
  5 fungi
  4 plants
773 creatures vanquished.

Vanquished Creatures (collateral kills)
  5 hydras
  2 death yaks (Lair:5)
  Urug (D:15)
  A skeletal warrior (D:13)
  An orb spider (Spider:1)
  A wolf spider (Spider:1)
  A red wasp (Spider:2)
  A demonic crawler (Spider:2)
  A trapdoor spider (Spider:2)
  A redback (Spider:1)
  10 humans (D:13)
  A giant goldfish (D:6)
  A big fish (D:6)
  A hound (Lair:6)
28 creatures vanquished.

Vanquished Creatures (others)
  A deep troll (D:13)
  An unseen horror (D:15)
  A grizzly bear (Lair:2)
  A human (D:15)
  An ogre (Spider:2)
  A giant frog (D:6)
  A cyclops zombie (D:14)
  A wight (D:10)
  An inept item mimic (D:6)
  A giant spore (D:6)
  A kobold (D:6)
  A rat (D:6)
  4 plants
16 creatures vanquished.

Grand Total: 817 creatures vanquished

Notes
Turn   | Place    | Note
--------------------------------------------------------------
     0 | D:1      | xw, the Gargoyle Berserker, began the quest for the Orb.
     0 | D:1      | Reached XP level 1. HP: 14/14 MP: 1/1
   369 | D:1      | Fleeing towards (1,-2) corridor
   371 | D:1      | Reached XP level 2. HP: 19/19 MP: 2/2
   790 | D:1      | TESTING POTIONS
   791 | D:1      | TESTING SCROLLS
   792 | D:1      | TESTING SCROLLS
   793 | D:1      | TESTING SCROLLS
   794 | D:1      | TESTING SCROLLS
   795 | D:1      | TESTING SCROLLS
   796 | D:1      | TESTING SCROLLS
   797 | D:1      | TESTING SCROLLS
   798 | D:1      | New armour: ring mail (910)
   798 | D:1      | Old armour: +0 animal skin (10)
   806 | D:1      | Dropping junk armour
   918 | D:2      | Reached XP level 3. HP: 12/23 MP: 3/3
  1164 | D:2      | Found a bloodstained altar of Trog.
  1228 | D:2      | Acquired Trog's second power
  1236 | D:2      | Reached skill level 4 in Axes
  1728 | D:2      | Reached XP level 4. HP: 28/28 MP: 4/4
  2028 | D:2      | Noticed Crazy Yiuf
  2029 | D:2      | ignoring Crazy Yiuf
  2040 | D:2      | Killed Crazy Yiuf
  2242 | D:2      | WEARING RING 1 scratched brass ring
  2243 | D:2      | TESTING POTIONS
  2244 | D:2      | TESTING POTIONS
  2245 | D:2      | TESTING POTIONS
  2246 | D:2      | TESTING POTIONS
  2247 | D:2      | TESTING SCROLLS
  2248 | D:2      | TESTING SCROLLS
  2250 | D:2      | New armour: cloak (10)
  2320 | D:3      | Fleeing towards (5,0) corridor
  2321 | D:3      | Fleeing towards (4,0) corridor
  2454 | D:3      | Reached skill level 5 in Axes
  2542 | D:3      | Reached XP level 5. HP: 26/32 MP: 5/5
  2634 | D:3      | Noticed Sigmund
  2644 | D:3      | Killed Sigmund
  2839 | D:3      | Paralysed by a giant eyeball for 4 turns
  2865 | D:3      | Paralysed by a giant eyeball for 4 turns
  3105 | D:3      | Noticed a phantom
  3106 | D:3      | Fleeing towards (-1,3) corridor
  3115 | D:3      | Fleeing towards (1,1) corridor
  3116 | D:3      | Fleeing towards (0,1) corridor
  3118 | D:3      | Fleeing towards (-1,1) corridor
  3119 | D:3      | Fleeing towards (0,1) corridor
  3158 | D:3      | Killed a phantom
  3158 | D:3      | Reached skill level 6 in Axes
  3158 | D:3      | Reached XP level 6. HP: 25/37 MP: 6/6
  3336 | D:3      | TESTING SCROLLS
  3337 | D:3      | Dropping junk: scroll of magic mapping
  3338 | D:3      | New armour: chain mail (1010)
  3338 | D:3      | Old armour: +0 ring mail (910)
  3352 | D:3      | New armour: runed ring mail (1015)
  3352 | D:3      | Old armour: +0 chain mail (1010)
  3367 | D:3      | New armour: +0 chain mail (1010)
  3367 | D:3      | Old armour: +0 ring mail (910)
  3381 | D:3      | Dropping junk armour
  3382 | D:3      | Dropping junk armour
  3383 | D:3      | Dropping junk armour
  3384 | D:3      | Dropping junk armour
  3722 | D:4      | Fleeing towards (-1,-2) corridor
  3947 | D:4      | Found a staircase to the Ecumenical Temple.
  4089 | D:4      | WEARING AMULET
  4090 | D:4      | TESTING POTIONS
  4091 | D:4      | TESTING POTIONS
  4092 | D:4      | TESTING SCROLLS
  4093 | D:4      | TESTING SCROLLS
  4094 | D:4      | New armour: pair of gloves (10)
  4096 | D:4      | Dropping junk armour
  4115 | D:5      | Entered Level 5 of the Dungeon
  4260 | D:5      | Reached skill level 7 in Axes
  4260 | D:5      | Reached XP level 7. HP: 41/41 MP: 7/7
  4439 | D:5      | Invisible monster
  4442 | D:5      | Invisible monster
  4446 | D:5      | Invisible monster
  4469 | D:5      | Invisible monster
  4486 | D:5      | Acquired Trog's third power
  4726 | D:5      | TESTING POTIONS
  4727 | D:5      | Dropping junk: 3 scrolls of blinking
  4728 | D:5      | New armour: plate armour (1210)
  4728 | D:5      | Old armour: +0 chain mail (1010)
  4747 | D:5      | Dropping junk armour
  4777 | D:6      | Fleeing towards (0,1) corridor
  4782 | D:6      | Reached skill level 8 in Axes
  5105 | D:6      | Reached XP level 8. HP: 46/46 MP: 8/8
  5121 | D:6      | Noticed Grinder
  5122 | D:6      | TROG'S HAND
  5142 | D:6      | Killed Grinder
  5142 | D:6      | Reached skill level 9 in Axes
  5283 | D:6      | Fleeing towards (0,6) corridor
  5733 | D:6      | Fleeing towards (0,5) corridor
  5734 | D:6      | Fleeing towards (0,5) corridor
  5735 | D:6      | Fleeing towards (1,5) corridor
  5736 | D:6      | Fleeing towards (2,5) corridor
  5753 | D:6      | Reached skill level 10 in Axes
  5903 | D:6      | Fleeing towards (5,-5) corridor
  5913 | D:6      | INVISIBILITY
  5932 | D:6      | FLEEEEING
  5933 | D:6      | FLEEEEING
  5940 | D:6      | Reached XP level 9. HP: 22/52 MP: 4/9
  6239 | D:6      | FLEEEEING
  6240 | D:6      | FLEEEEING
  6241 | D:6      | FLEEEEING
  6247 | D:6      | HEAL WOUNDS
  6283 | D:6      | TROG'S HAND
  6446 | D:6      | ignoring giant goldfish
  6446 | D:6      | found mon behind water/lava
  6784 | D:6      | WEARING RING 2 glass ring
  6785 | D:6      | TESTING SCROLLS
  6786 | D:6      | TESTING SCROLLS
  6812 | D:6      | TRYING WAND
  6813 | D:6      | TRYING WAND
  6814 | D:6      | Dropping junk: wand of magic darts {zapped: 1}
  7088 | D:7      | Found Mnuofienn's Book Shop.
  7100 | D:7      | UPGRADING WEAPON TO runed war axe
  7107 | D:7      | Noticed Blork the orc
  7116 | D:7      | Invisible monster
  7116 | D:7      | Killed Blork the orc
  7140 | D:7      | Invisible monster
  7147 | D:7      | Invisible monster
  7152 | D:7      | Invisible monster
  7166 | D:7      | Invisible monster
  7228 | D:7      | Noticed Dowan
  7231 | D:7      | Noticed Duvessa
  7234 | D:7      | Killed Dowan
  7237 | D:7      | Killed Duvessa
  7357 | D:7      | Reached skill level 5 in Fighting
  7481 | D:7      | Fleeing towards (-1,4) corridor
  7483 | D:7      | Fleeing towards (-1,1) corridor
  7494 | D:7      | Fleeing towards (-1,-2) corridor
  7621 | D:7      | Reached skill level 11 in Axes
  7740 | D:7      | Fleeing towards (1,0) corridor
  7741 | D:7      | Fleeing towards (1,0) corridor
  7742 | D:7      | Fleeing towards (1,1) corridor
  7905 | D:7      | Paralysed by a giant eyeball for 3 turns
  8182 | D:7      | Enchanting +0 pair of gloves
  8487 | D:8      | Invisible monster
  8599 | D:8      | Reached skill level 5 in Armour
  8710 | D:8      | Found a staircase to the Lair.
  8721 | D:8      | Reached XP level 10. HP: 57/60 MP: 5/10
  9146 | D:8      | Invisible monster
  9417 | D:8      | Fleeing towards (-2,1) corridor
  9418 | D:8      | Fleeing towards (-1,2) corridor
  9642 | D:8      | Paralysed by a giant eyeball for 3 turns
  9712 | D:8      | Noticed a hill giant
  9724 | D:8      | Killed a hill giant
  9724 | D:8      | Reached skill level 12 in Axes
 10075 | Lair:1   | Entered Level 1 of the Lair of Beasts
 10601 | Lair:1   | Reached XP level 11. HP: 37/68 MP: 7/11
 11054 | Lair:1   | Received a gift from Trog
 11474 | Lair:1   | TESTING POTIONS
 11475 | Lair:1   | TESTING SCROLLS
 11475 | Lair:1   | Identified a scroll of acquirement
 11476 | Lair:1   | TESTING SCROLLS
 11478 | Lair:1   | Dropping junk: cursed ring of hunger
 11479 | Lair:1   | New armour: pair of boots (10)
 11481 | Lair:1   | UPGRADING WEAPON TO glowing broad axe {god gift}
 11482 | Lair:1   | Dropping junk weapon
 11483 | Lair:1   | TRYING WAND
 11484 | Lair:1   | TRYING WAND
 11484 | Lair:1   | Paralysed by you for 4 turns
 11488 | Lair:1   | Dropping junk: wand of random effects {zapped: 1}
 11530 | Lair:1   | HEAL WOUNDS
 11531 | Lair:1   | Reached skill level 13 in Axes
 12375 | Lair:2   | Received a gift from Trog
 12485 | Lair:2   | INVISIBILITY
 13060 | Lair:2   | Noticed a five-headed hydra
 13067 | Lair:2   | Killed an eight-headed hydra
 13258 | Lair:2   | TESTING POTIONS
 13260 | Lair:2   | Dropping junk: scroll of magic mapping
 13261 | Lair:2   | UPGRADING WEAPON TO glowing executioner's axe {god gift}
 13262 | Lair:2   | Dropping junk weapon
 13263 | Lair:2   | TRYING WAND
 13290 | Lair:2   | ENCHANT WEAPON
 13291 | Lair:2   | ENCHANT WEAPON
 13292 | Lair:2   | ENCHANT WEAPON
 13293 | Lair:2   | ENCHANT WEAPON
 13294 | Lair:2   | ENCHANT WEAPON
 13295 | Lair:2   | ENCHANT WEAPON
 13353 | Lair:3   | Found a staircase to the Swamp.
 13354 | Lair:3   | Found Swamp
 13923 | Lair:3   | Reached XP level 12. HP: 76/76 MP: 4/12
 14239 | Lair:3   | TESTING POTIONS
 14240 | Lair:3   | HEALING POTION m
 14241 | Lair:3   | TESTING SCROLLS
 14263 | Lair:4   | Noticed a four-headed hydra
 14266 | Lair:4   | Killed a five-headed hydra
 14311 | Lair:4   | FLEEEEING
 14326 | Lair:4   | ignoring iguana
 14468 | Lair:4   | Noticed an eight-headed hydra
 14474 | Lair:4   | Killed a ten-headed hydra
 14474 | Lair:4   | Reached skill level 14 in Axes
 15073 | Lair:4   | ignoring komodo dragon
 15269 | Lair:4   | Noticed a six-headed hydra
 15276 | Lair:4   | Killed an eight-headed hydra
 15560 | Lair:4   | Dropping junk: scroll of blinking
 15899 | Lair:5   | Reached skill level 10 in Fighting
 16411 | Lair:5   | Reached skill level 10 in Armour
 16587 | Lair:5   | Noticed a death yak
 16593 | Lair:5   | Killed a death yak
 16594 | Lair:5   | Noticed a death yak
 16594 | Lair:5   | Noticed a death yak
 16598 | Lair:5   | Killed a death yak
 16599 | Lair:5   | Noticed a death yak
 16601 | Lair:5   | Killed a death yak
 16604 | Lair:5   | Noticed a death yak
 16604 | Lair:5   | Noticed a death yak
 16609 | Lair:5   | Killed a death yak
 16612 | Lair:5   | Killed a death yak
 16614 | Lair:5   | Killed a death yak
 16825 | Lair:5   | Reached XP level 13. HP: 83/83 MP: 4/13
 16827 | Lair:5   | Reached skill level 15 in Axes
 17020 | Lair:5   | Noticed a seven-headed hydra
 17025 | Lair:5   | Killed an eight-headed hydra
 17285 | Lair:5   | TESTING POTIONS
 17285 | Lair:5   | Gained mutation: You tend to lose your temper in combat. [potion of mutation]
 17286 | Lair:5   | TESTING POTIONS
 17415 | Lair:5   | TRYING WAND
 17589 | Lair:6   | HEAL WOUNDS
 17883 | Lair:6   | FLEEEEING
 17884 | Lair:6   | FLEEEEING
 18010 | Lair:6   | Found a staircase to the Swamp.
 18077 | Lair:6   | ignoring raven
 18095 | Lair:6   | the staircase to the Swamp was a mimic.
 18136 | Lair:6   | found mon behind water/lava
 18136 | Lair:6   | ZAP ZAP ZAP
 18136 | Lair:6   | ZAPPING wand of fire {zapped: 1}
 18137 | Lair:6   | ZAP ZAP ZAP
 18137 | Lair:6   | ZAPPING wand of fire {zapped: 2}
 18174 | Lair:6   | ignoring bat
 18182 | Lair:6   | ignoring quokka
 18232 | Lair:6   | ignoring yak
 18401 | Lair:6   | ignoring spiny frog
 18564 | Lair:6   | Found a hole to the Spider Nest.
 18565 | Lair:6   | Found Spider
 18570 | Lair:6   | HEALING POTION m
 19162 | Lair:6   | Dropping junk: wand of fire {empty}
 19163 | Lair:6   | Dropping junk: cursed ring of teleportation
 19164 | Lair:6   | ENCHANT WEAPON
 19970 | Lair:7   | Received a gift from Trog
 19983 | Lair:7   | HEAL WOUNDS
 19984 | Lair:7   | Reached skill level 16 in Axes
 20107 | Lair:7   | ignoring elephant
 20475 | Lair:7   | ignoring green rat
 20772 | Lair:7   | TESTING SCROLLS
 20773 | Lair:7   | TESTING SCROLLS
 20774 | Lair:7   | Dropping junk: potion of porridge
 20775 | Lair:7   | Dropping junk: scroll of blinking
 20776 | Lair:7   | UPGRADING WEAPON TO glowing battleaxe {god gift}
 20777 | Lair:7   | UPGRADING WEAPON TO +6,+4 anti-magic executioner's axe {god gift}
 20778 | Lair:7   | Dropping junk weapon
 20779 | Lair:7   | TRYING WAND
 20780 | Lair:7   | ENCHANT WEAPON
 20781 | Lair:7   | ENCHANT WEAPON
 20782 | Lair:7   | Enchanting +0 pair of boots
 20807 | Lair:8   | Entered Level 8 of the Lair of Beasts
 20817 | Lair:8   | ignoring adder
 20817 | Lair:8   | ignoring big fish
 20827 | Lair:8   | Noticed Harold
 20841 | Lair:8   | Killed Harold
 20900 | Lair:8   | Gained mutation: Your wings are large and strong. [gargoyle growth]
 20900 | Lair:8   | Reached XP level 14. HP: 92/92 MP: 4/14
 21088 | Lair:8   | Noticed Fannar
 21101 | Lair:8   | Killed Fannar
 21226 | Lair:8   | Found a viscous altar of Jiyva.
 21227 | Lair:8   | Found a staircase to the Slime Pits.
 21561 | Lair:8   | ZAP ZAP ZAP
 21561 | Lair:8   | ZAPPING wand of cold {zapped: 1}
 21562 | Lair:8   | ZAP ZAP ZAP
 21562 | Lair:8   | ZAPPING wand of polymorph {zapped: 1}
 21563 | Lair:8   | ZAP ZAP ZAP
 21563 | Lair:8   | ZAPPING wand of polymorph {zapped: 2}
 21564 | Lair:8   | ZAP ZAP ZAP
 21564 | Lair:8   | ZAPPING wand of polymorph {zapped: 3}
 21565 | Lair:8   | ZAP ZAP ZAP
 21565 | Lair:8   | ZAPPING wand of polymorph {zapped: 4}
 21566 | Lair:8   | ZAP ZAP ZAP
 21566 | Lair:8   | ZAPPING wand of polymorph {zapped: 5}
 21567 | Lair:8   | ZAP ZAP ZAP
 21567 | Lair:8   | ZAPPING wand of polymorph {zapped: 6}
 21568 | Lair:8   | ZAP ZAP ZAP
 21568 | Lair:8   | ZAPPING wand of polymorph {zapped: 7}
 21570 | Lair:8   | ignoring yellow wasp
 21731 | Lair:8   | ignoring electric eel
 21732 | Lair:8   | ignoring spiny frog
 21964 | Lair:8   | Received a gift from Trog
 21987 | Lair:8   | HEAL WOUNDS
 21992 | Lair:8   | HEAL WOUNDS
 22275 | Lair:8   | ignoring yak
 23034 | D:8      | Dropping junk: wand of cold {empty}
 23035 | D:8      | Dropping junk: potion of brilliance
 23036 | D:8      | UPGRADING WEAPON TO runed battleaxe {god gift}
 23037 | D:8      | UPGRADING WEAPON TO +6,+4 anti-magic executioner's axe {god gift}
 23038 | D:8      | Dropping junk weapon
 23076 | D:9      | Noticed Psyche
 23084 | D:9      | Killed Psyche
 23459 | D:9      | ignoring troll
 23459 | D:9      | ignoring eight-headed hydra
 23480 | D:9      | ignoring orc warrior
 23480 | D:9      | ignoring cyan ugly thing
 23579 | D:9      | Dropping junk: scroll of blinking
 23585 | D:10     | Entered Level 10 of the Dungeon
 23592 | D:10     | Fleeing towards (0,3) corridor
 23595 | D:10     | Fleeing towards (0,1) corridor
 23597 | D:10     | Noticed demiurge's ghost (experienced VSCj)
 23597 | D:10     | Fleeing towards (-4,7) corridor
 23598 | D:10     | Fleeing towards (-3,7) corridor
 23599 | D:10     | Fleeing towards (-2,7) corridor
 23600 | D:10     | Fleeing towards (-2,7) corridor
 23602 | D:10     | Fleeing towards (0,5) corridor
 23604 | D:10     | Fleeing towards (0,3) corridor
 23612 | D:10     | Killed demiurge's ghost
 23820 | D:10     | Found a portal to a secret trove of treasure.
 23885 | D:10     | Found a shimmering altar of Xom.
 24184 | D:10     | TESTING POTIONS
 24184 | D:10     | Paralysed by a potion of paralysis for 6 turns
 24190 | D:10     | TESTING SCROLLS
 24192 | D:10     | Dropping junk: 3 scrolls of magic mapping
 24193 | D:10     | Dropping junk: potion of brilliance
 24194 | D:10     | Dropping junk armour
 24195 | D:10     | TRYING WAND
 24386 | D:11     | Noticed Erolcha
 24388 | D:11     | TROG'S HAND
 24393 | D:11     | Killed Erolcha
 24542 | D:11     | Reached skill level 17 in Axes
 24691 | D:11     | Fleeing towards (1,1) corridor
 24698 | D:11     | Fleeing towards (1,1) corridor
 24951 | D:11     | Found Taatirir's Gadget Shop.
 24963 | D:11     | Found an iron altar of Okawaru.
 24994 | D:11     | Fleeing towards (-4,-3) corridor
 24995 | D:11     | ignoring worker ant
 24996 | D:11     | Fleeing towards (-1,0) corridor
 24997 | D:11     | Fleeing towards (-1,0) corridor
 25020 | D:11     | Invisible monster
 25121 | D:11     | ignoring black bear
 25131 | D:11     | ignoring hill giant
 25133 | D:11     | ignoring giant frog
 25448 | D:11     | Dropping junk: potion of magic
 25449 | D:11     | Dropping junk: scroll of blinking
 25450 | D:11     | New armour: helmet (10)
 25452 | D:11     | ENCHANT WEAPON
 25529 | D:12     | Noticed Grum
 25529 | D:12     | Fleeing towards (2,5) corridor
 25530 | D:12     | Fleeing towards (2,4) corridor
 25531 | D:12     | Fleeing towards (1,4) corridor
 25532 | D:12     | Fleeing towards (-1,3) corridor
 25533 | D:12     | Fleeing towards (-1,2) corridor
 25534 | D:12     | Fleeing towards (0,1) corridor
 25535 | D:12     | Fleeing towards (-1,1) corridor
 25606 | D:12     | Killed Grum
 25608 | D:12     | Fleeing towards (0,1) corridor
 25609 | D:12     | Fleeing towards (-1,1) corridor
 25610 | D:12     | Fleeing towards (-1,1) corridor
 25611 | D:12     | Fleeing towards (-1,1) corridor
 25612 | D:12     | Fleeing towards (-1,1) corridor
 25613 | D:12     | Fleeing towards (-1,1) corridor
 25806 | D:12     | Found a staircase to the Orcish Mines.
 26117 | D:12     | Noticed Erica
 26121 | D:12     | Killed Erica
 26492 | D:12     | TESTING SCROLLS
 26493 | D:12     | ENCHANT WEAPON
 26497 | D:12     | Fleeing towards (-3,7) corridor
 26498 | D:12     | Fleeing towards (-4,5) corridor
 26500 | D:12     | Fleeing towards (-2,3) corridor
 26520 | D:13     | Found a gate to the Vaults.
 26520 | D:13     | Noticed Donald
 26521 | D:13     | READING TELEPORT
 26530 | D:13     | Fleeing towards (0,-8) corridor
 26531 | D:13     | Fleeing towards (-1,-8) corridor
 26534 | D:13     | Fleeing towards (-1,-8) corridor
 26536 | D:13     | Reached XP level 15. HP: 99/99 MP: 5/15
 26542 | D:13     | Received a gift from Trog
 26547 | D:13     | Killed Donald
 26548 | D:13     | Fleeing towards (-1,0) corridor
 26549 | D:13     | Fleeing towards (-1,0) corridor
 26550 | D:13     | Fleeing towards (-1,-1) corridor
 26551 | D:13     | Fleeing towards (-1,0) corridor
 26552 | D:13     | Fleeing towards (-1,-1) corridor
 26553 | D:13     | Fleeing towards (-1,-1) corridor
 26679 | D:13     | HEAL WOUNDS
 26969 | D:13     | Fleeing towards (-2,-1) corridor
 26970 | D:13     | Fleeing towards (-2,-1) corridor
 26974 | D:13     | Fleeing towards (-1,-1) corridor
 27116 | D:13     | Found Xonniese's Weapon Boutique.
 27184 | D:13     | ignoring hungry ghost
 27744 | D:13     | TESTING POTIONS
 27745 | D:13     | TESTING POTIONS
 27746 | D:13     | Dropping junk: potion of poison
 27747 | D:13     | Dropping junk: scroll of fear
 27748 | D:13     | UPGRADING WEAPON TO glowing battleaxe {god gift}
 27749 | D:13     | UPGRADING WEAPON TO +8,+6 anti-magic executioner's axe {god gift}
 27750 | D:13     | Dropping junk armour
 27751 | D:13     | Dropping junk armour
 27752 | D:13     | Dropping junk weapon
 27753 | D:13     | TRYING WAND
 27754 | D:13     | HEALING POTION m
 27755 | D:13     | Dropping junk: wand of confusion {zapped: 1}
 27756 | D:13     | Recharging wand of teleportation {zapped: 1}
 28300 | D:14     | Received a gift from Trog
 28366 | D:14     | TESTING POTIONS
 28366 | D:14     | Lost mutation: You tend to lose your temper in combat. [potion of cure mutation]
 28367 | D:14     | Dropping junk: scroll of magic mapping
 28368 | D:14     | Dropping junk: scroll of fear
 28369 | D:14     | Dropping junk: potion of porridge
 28374 | D:15     | Entered Level 15 of the Dungeon
 28419 | D:15     | Noticed Kirke
 28420 | D:15     | TROG'S HAND
 28430 | D:15     | Killed Kirke
 28572 | D:15     | HEALING POTION m
 28573 | D:15     | HEALING POTION m
 28574 | D:15     | TROG'S HAND
 28644 | D:15     | Invisible monster
 28693 | D:15     | Invisible monster not found???
 28700 | D:15     | Invisible monster
 28768 | D:15     | Fleeing towards (1,-5) corridor
 28769 | D:15     | Fleeing towards (1,-6) corridor
 28770 | D:15     | Fleeing towards (1,-6) corridor
 28771 | D:15     | Fleeing towards (1,-7) corridor
 28772 | D:15     | Fleeing towards (0,-8) corridor
 28788 | D:15     | Noticed Urug
 28815 | D:15     | Killed Urug
 28967 | D:15     | ZAP ZAP ZAP
 28967 | D:15     | ZAPPING wand of polymorph {zapped: 8}
 28969 | D:15     | ZAP ZAP ZAP
 28969 | D:15     | ZAPPING wand of polymorph {zapped: 9}
 29343 | D:15     | Fleeing towards (-1,1) corridor
 29344 | D:15     | Fleeing towards (-1,1) corridor
 29345 | D:15     | Fleeing towards (-1,1) corridor
 29353 | D:15     | Reached skill level 18 in Axes
 29385 | D:15     | Fleeing towards (1,1) corridor
 29386 | D:15     | Fleeing towards (1,0) corridor
 29387 | D:15     | Fleeing towards (1,0) corridor
 29459 | D:15     | Found a staircase to the Depths.
 29549 | D:15     | Fleeing towards (-5,-3) corridor
 29550 | D:15     | Fleeing towards (-3,-2) corridor
 29553 | D:15     | Fleeing towards (0,1) corridor
 29633 | D:15     | Fleeing towards (-1,1) corridor
 29634 | D:15     | Fleeing towards (0,1) corridor
 29644 | D:15     | HEAL WOUNDS
 29772 | D:15     | Fleeing towards (-1,1) corridor
 30376 | Spider:1 | Entered Level 1 of the Spider Nest
 30378 | Spider:1 | READING TELEPORT
 30381 | Spider:1 | HEALING POTION m
 30507 | Spider:1 | Received a gift from Trog
 30952 | Spider:1 | HASTING
 30953 | Spider:1 | READING TELEPORT
 30957 | Spider:1 | READING TELEPORT
 31003 | Spider:1 | TROG'S HAND
 31217 | Spider:1 | New armour: pair of embroidered gloves (115)
 31217 | Spider:1 | Old armour: +1 pair of gloves (50)
 31340 | Spider:1 | FLEEEEING
 31341 | Spider:1 | FLEEEEING
 31342 | Spider:1 | FLEEEEING
 31725 | Spider:1 | New armour: +1 pair of gloves (50)
 31727 | Spider:1 | New armour: pair of embroidered gloves (115)
 31727 | Spider:1 | Old armour: +1 pair of gloves (50)
 31730 | Spider:1 | New armour: +1 pair of gloves (50)
 31730 | Spider:1 | Old armour: +0 pair of gloves of strength (10)
 31733 | Spider:1 | UPGRADING WEAPON TO glowing battleaxe {god gift}
 31734 | Spider:1 | UPGRADING WEAPON TO +8,+6 anti-magic executioner's axe {god gift}
 31735 | Spider:1 | Dropping junk armour
 31736 | Spider:1 | Dropping junk weapon
 31737 | Spider:1 | Dropping junk armour
 31738 | Spider:1 | Dropping junk armour
 31739 | Spider:1 | TRYING WAND
 31740 | Spider:1 | TRYING WAND
 31740 | Spider:1 | Paralysed by you for 2 turns
 31742 | Spider:1 | Dropping junk: wand of paralysis {zapped: 1}
 31743 | Spider:1 | TRYING WAND
 31844 | Spider:1 | Dropping junk: wand of slowing {zapped: 1}
 31845 | Spider:1 | ENCHANT WEAPON
 31873 | Spider:2 | FLEEEEING
 31908 | Spider:2 | ZAP ZAP ZAP
 31908 | Spider:2 | ZAPPING wand of polymorph {zapped: 10}
 31909 | Spider:2 | ZAP ZAP ZAP
 31909 | Spider:2 | ZAPPING wand of polymorph {zapped: 11}
 31911 | Spider:2 | Paralysed by a giant eyeball for 3 turns
 32086 | Spider:2 | READING TELEPORT
 32389 | Spider:2 | Reached XP level 16. HP: 98/106 MP: 4/16
 32545 | Spider:2 | ZAPPING TELEPORT
 32549 | Spider:2 | ZAPPING TELEPORT
 32589 | Spider:2 | Enchanting +0 helmet
 32591 | Spider:2 | ZAPPING TELEPORT
 32596 | Spider:2 | HP: 4/106 [demonic crawler (4)]
 32598 | Spider:2 | TROG'S HAND
 32601 | Spider:2 | HP: 1/106 [trapdoor spider (8)]
 32602 | Spider:2 | Slain by a trapdoor spider

Action                   |  1- 3 |  4- 6 |  7- 9 | 10-12 | 13-15 | 16-18 || total
-------------------------+-------+-------+-------+-------+-------+-------++-------
Melee: Hand axe          |   115 |   211 |   431 |       |       |       ||   757
       War axe           |       |       |   141 |   230 |       |       ||   371
       Broad axe         |       |       |       |   130 |       |       ||   130
       Executioner's axe |       |       |       |   178 |  1215 |    27 ||  1420
Invok: Berserk           |     2 |     3 |    12 |    15 |    22 |     2 ||    56
       Trog's Hand       |       |       |     2 |       |     4 |     1 ||     7
       Brothers in Arms  |       |       |     1 |     4 |     7 |     2 ||    14
 Abil: Fly               |       |       |       |       |     1 |       ||     1
Evoke: Wand              |       |       |     2 |     3 |    19 |     3 ||    27
  Use: Scroll            |     7 |     7 |     4 |    11 |    20 |     1 ||    50
       Potion            |     1 |     6 |     3 |     6 |    18 |       ||    34
 Stab: Invisible         |       |       |     5 |     8 |       |       ||    13
       Petrified         |       |       |       |       |     1 |       ||     1

Vault maps used:
D:1:      tarquinn_simple_flora_water_e, minmay_misc_feat_hallway
D:2:      trog_butcher_becter, uniq_crazy_yiuf_cottage
D:3:      uniq_sigmund
D:4:      minmay_temple_entry_mist, first_bread, st_stairs_14
D:6:      wad_lake_hut, uniq_grinder
D:7:      serial_shops, nicolae_shop_stone, the_bakery, uniq_duvessa,
          uniq_blork_the_orc
D:8:      erik_lair_orcish_takeover
D:9:      minivault_12, uniq_psyche
D:10:     trove_entry_hex_spiral, xom_teletrap_fun
D:11:     serial_shops, shop, basic_altar, grunt_ministairs_9,
          minmay_hedge_maze, uniq_erolcha
D:12:     david_orc_2, uniq_grum, uniq_erica
D:13:     david_vaults_3, serial_shops, nicolae_shop_behind_doors
D:14:     st_stairs_13
D:15:     grunt_enter_depths_magical_seal, infiniplex_enter_wizlab_spiral,
          minmay_misc_feat_encased, sword_in_stone, uniq_kirke
Lair:1:   st_stairs_3
Lair:2:   forest_entry_grove, lemuel_strawberry_fields,
          infiniplex_staircase_pool
Lair:3:   swamp_mist, roderic_batcave
Lair:4:   serial_bayou_pond_e
Lair:5:   serial_bayou_shore_b, lemuel_fruit_tree, lemuel_strawberry_fields
Lair:6:   swamp_mist_pool, spider_nest_entry_rubble
Lair:8:   evilmike_catoblepas_cave, slime_altar_1, wad_woods_road_05,
          serial_bayou_shore_a, uniq_fannar, uniq_harold
